 Dungeon Crawl Stone Soup version 0.23.0-38-g208d714 (webtiles) character file.

Game seed: 4140576988544197201

287 Borgoz the Sneak (level 6, -2/48 HPs)
             Began as a Ghoul Enchanter on Feb 27, 2019.
             Was an Initiate of Ashenzari.
             Killed from afar by an orc wizard (4 damage)
             ... with a magic dart
             ... on level 5 of the Dungeon.
             The game lasted 00:10:54 (2829 turns).

Borgoz the Sneak (Ghoul Enchanter)                  Turns: 2829, Time: 00:10:54

Health: -2/48      AC:  6    Str: 11 (12) XL:     6   Next: 30%
Magic:  1/8        EV: 12    Int: 10      God:    Ashenzari [......]
Gold:   188        SH:  0    Dex:  9 (11) Spells: 5/10 levels left

rFire    . . .     SeeInvis .   f - +1 rapier
rCold    + . .     Gourm    .   (no shield)
rNeg     + + +     Faith    .   k - +0 leather armour
rPois    ∞         Spirit   .   g - +1 helmet
rElec    .         Reflect  .   (no cloak)
rCorr    .         Harm     .   c - +0 pair of gloves
MR       .....                  (no boots)
Stlth    ++........             (no amulet)
HPRegen  0.00/turn              j - -5 ring of slaying (curse)
MPRegen  0.11/turn              (no ring)

@: very slightly contaminated, rotting
A: rotting body, claws 1, carnivore, cold resistance 1, negative energy
resistance 3, inhibited regeneration, torment resistance, unbreathing
a: Curse Item, Renounce Religion


You were on level 5 of the Dungeon.
You worshipped Ashenzari.
Ashenzari was noncommittal.
You were not hungry.

You visited 1 branch of the dungeon, and saw 7 of its levels.

You collected 188 gold pieces.

Inventory:

Hand Weapons
 f - a +1 rapier (weapon)
Armour
 c - a +0 pair of gloves (worn)
 g - a +1 helmet (worn)
 k - a +0 leather armour (worn)
Jewellery
 j - a cursed -5 ring of slaying (left hand)
Wands
 b - a wand of iceblast (3)
Scrolls
 i - a scroll of enchant armour
 m - a scroll of amnesia
Comestibles
 d - 5 rations


   Skills:
 + Level 1.9 Fighting
 + Level 1.6 Short Blades
 + Level 1.8 Armour
 + Level 2.8 Dodging
 + Level 4.6 Stealth
 + Level 2.5 Spellcasting
 + Level 3.1 Hexes


You had 5 spell levels left.
You knew the following spells:

 Your Spells              Type           Power        Failure   Level  Hunger
a - Confuse               Hex            #.......     32%         3    ####...
b - Ensorcelled Hibernat  Hex/Ice        #.....       30%         2    ###....

Your spell library contained the following spells:

 Spells                   Type           Power        Failure   Level  Hunger
 Corona                   Hex            #......      11%         1    ##.....
 Tukima's Dance           Hex            #.......     32%         3    ####...
 Dazzling Spray           Conj/Hex       #.....       52%         3    ####...


Dungeon Overview and Level Annotations

Branches:
Dungeon (7/15)             Temple (0/1) D:7

Altars:
Ashenzari
Makhleb
Vehumet

Annotations:
D:2 Sigmund


Innate Abilities, Weirdness & Mutations

Your body is rotting away.
You thrive on raw meat.
You are immune to poison.
You have sharp fingernails.
You are carnivorous and can eat meat at any time.
Your flesh is cold resistant. (rC+)
You are immune to negative energy. (rN+++)
You do not regenerate when monsters are visible.
You are immune to unholy pain and torment.
You can survive without breathing.


Message History

The orc wizard is moderately wounded.
The orc wizard hits you with a +0 dagger.
* * * LOW HITPOINT WARNING * * *
You hit the orc wizard but do no damage.
The orc wizard is moderately wounded.
The orc wizard closely misses you.
You closely miss the orc wizard.
The orc wizard is moderately wounded.
The orc wizard closely misses you.
You barely miss the orc wizard.
The orc wizard is moderately wounded.
The orc wizard hits you with a +0 dagger.
* * * LOW HITPOINT WARNING * * *
You aren't carrying any potions.
Okay, then.
You closely miss the orc wizard.
The orc wizard is moderately wounded.
The orc wizard casts a spell at you. The magic dart hits you.
You die...

............##
.............###
............)).#
...#.###...#####
#....# ##..##
....## ##..##
....# ##..## ###
....# ##..###.#
...## ##..o@.#
.... #....##
#....###
........
..........
....####... ...#
##. ...


You could see an orc wizard.

Vanquished Creatures
  An ogre (D:7)
  A howler monkey (D:4)
  A crimson imp (D:5)
  An orc wizard (D:5)
  A centaur skeleton (D:7)
  3 adders
  4 dart slugs
  2 leopard geckos
  3 orcs
  4 giant cockroaches (D:1)
  4 goblins
  4 hobgoblins
  2 jackals (D:1)
  2 kobolds (D:1)
  2 quokkas
  A ball python (D:4)
  2 bats (D:1)
  A frilled lizard (D:2)
  4 rats
43 creatures vanquished.

Notes
Turn   | Place    | Note
-------+----------+-------------------------------------------
     0 | D:1      | Borgoz the Ghoul Enchanter began the quest for the Orb.
     0 | D:1      | Reached XP level 1. HP: 14/14 MP: 2/2
   167 | D:1      | Reached XP level 2. HP: 19/20 MP: 3/3
   290 | D:1      | Reached skill level 1 in Short Blades
   447 | D:1      | Reached XP level 3. HP: 24/26 MP: 2/4
  1043 | D:1      | HP: 1/26 [leopard gecko (2)]
  1323 | D:2      | Noticed Sigmund
  1361 | D:3      | Found a radiant altar of Vehumet.
  1361 | D:3      | Found a shattered altar of Ashenzari.
  1368 | D:3      | Became a worshipper of Ashenzari the Shackled
  1461 | D:3      | Learned a level 3 spell: Confuse
  1464 | D:3      | Learned a level 2 spell: Ensorcelled Hibernation
  1851 | D:4      | Noticed an ogre
  2018 | D:4      | Reached XP level 4. HP: 33/33 MP: 3/6
  2059 | D:4      | Found a burning altar of Makhleb.
  2059 | D:4      | Noticed a cacodemon
  2063 | D:4      | Noticed a phantom
  2067 | D:5      | Entered Level 5 of the Dungeon
  2084 | D:4      | Reached skill level 1 in Armour
  2100 | D:4      | You fall through a shaft for 3 floors!
  2100 | D:7      | Noticed an ogre
  2104 | D:7      | Killed an ogre
  2104 | D:7      | Reached skill level 4 in Stealth
  2104 | D:7      | Reached XP level 5. HP: 12/39 MP: 0/7
  2715 | D:5      | Reached skill level 1 in Fighting
  2715 | D:5      | Reached XP level 6. HP: 37/46 MP: 5/8
  2828 | D:5      | HP: 2/48 [orc wizard/+0 dagger (1)]
  2829 | D:5      | Killed from afar by an orc wizard

Skill      XL: |  1  2  3  4  5 |
---------------+----------------+-----
Dodging        | 2 |  2.8
Short Blades   | 1 |  1.6
Spellcasting   | 2 |  2.5
Armour         | 1 |  1.8
Stealth        | 4 |  4.6
Hexes          | 3 |  3.1
Fighting       | 1 |  1.9

Action                   |  1- 3 |  4- 6 || total
-------------------------+-------+-------++-------
Melee: Dagger            |   278 |    56 ||   334
       Rapier            |       |    76 ||    76
 Cast: Corona            |    13 |       ||    13
       Ensorcelled Hiber |     6 |     6 ||    12
       Confuse           |       |     7 ||     7
Evoke: Wand              |       |     2 ||     2
  Use: Scroll            |     7 |     3 ||    10
       Potion            |     1 |     4 ||     5
 Stab: Sleeping          |    11 |     5 ||    16
       Confused          |       |     1 ||     1
  Eat: Chunk             |     9 |    10 ||    19
Armor: Robe              |     7 |       ||     7
       Leather armour    |    63 |    63 ||   126
Dodge: Dodged            |   181 |    84 ||   265
